 Dungeon Sprint DCSS version 0.22-a0-467-g5c5de1c (webtiles) character file.

57 emperorscorpion the Insei (level 3, -1/28 HPs)
             Began as a Draconian Transmuter on June 10, 2018.
             Was an Initiate of Sif Muna.
             Slain by a gargoyle
             ... wielding a +0 mace
              (16 damage)
             ... in the Dungeon (Sprint IX: "|||||||||||||||||||||||||||||").
             The game lasted 00:00:52 (302 turns).

emperorscorpion the Insei (Draconian Transmuter)     Turns: 302, Time: 00:00:52

Health: -1/28      AC:  2    Str: 15    XL:     3   Next: 73%
Magic:  5/7        EV: 21    Int: 13    God:    Sif Muna [......]
Gold:   0          SH:  0    Dex: 20    Spells: 2/8 levels left

rFire    . . .     SeeInvis .     - Unarmed
rCold    . . .     Gourm    .   (shield currently unavailable)
rNeg     . . .     Faith    .   (armour unavailable)
rPois    x         Spirit   .   (helmet currently unavailable)
rElec    .         Reflect  .   (cloak currently unavailable)
rCorr    .         Harm     .   (gloves currently unavailable)
MR       .....     NoTele   +   (boots currently unavailable)
Stlth    ++........             (no amulet)
HPRegen  0.09/turn              o - +3 ring of dexterity
MPRegen  0.10/turn              p - +3 ring of strength

@: spider-form (expiring)
A: tiny, unfitting armour, AC +5
a: End Transformation, Renounce Religion


You were in the Dungeon.
You worshipped Sif Muna.
Sif Muna was noncommittal.
You were not hungry.
You were a venomous arachnid creature.
You visited 1 branch

Inventory:

Missiles
 a - 12 arrows
Armour
 m - a +0 cloak (melded)
Magical Staves
 n - an uncursed staff of energy
Jewellery
 o - a +3 ring of dexterity (left front leg)
 p - a +3 ring of strength (right front leg)
Wands
 l - a wand of iceblast (10)
Scrolls
 i - 2 scrolls of blinking
 j - 3 scrolls of remove curse
 k - 2 scrolls of amnesia
Potions
 d - 5 potions of curing
 e - 3 potions of heal wounds
 f - a potion of haste
 g - 4 potions of magic
 h - a potion of invisibility
Comestibles
 c - a ration


   Skills:
 + Level 1.5 Fighting
 + Level 3.2 Dodging
 + Level 6.0 Unarmed Combat
 + Level 3.4 Spellcasting
 + Level 3.0 Transmutations


You had 2 spell levels left.
You knew the following spells:

 Your Spells              Type           Power        Failure   Level  Hunger
a - Beastly Appendage     Tmut           ##....       17%         1    #......
b - Sticks to Snakes      Tmut           ##......     24%         2    ##.....
c - Spider Form           Tmut/Pois      #.........   56%         3    ###....

Your spell library contained the following spells:

 Spells                   Type           Power        Failure   Level  Hunger
 Blade Hands              Tmut           ##........   95%         5    ######.
 Ice Form                 Ice/Tmut       #.......     89%         4    #####..


Dungeon Overview and Level Annotations

Branches:
Dungeon (1/1)

Altars:
Cheibriados
Dithmenos
Elyvilon
Fedhas
Gozag
Hepliaklqana
Kikubaaqudgha
Makhleb
Nemelex Xobeh
Okawaru
Qazlal
Ru
Sif Muna
Trog
Uskayaw
Vehumet
Wu Jian
Xom
Yredelemnul
Zin
The Shining One
Beogh
Jiyva
Lugonu


Innate Abilities, Weirdness & Mutations

((Your plain brown scales are hard. (AC +5)))
You cannot fit into any form of body armour.
((You are cold-blooded and may be slowed by cold attacks.))


Message History

You hit the gargoyle but do no damage.
The gargoyle is lightly damaged.
The gargoyle hits you with a mace!
You hit the gargoyle.
The gargoyle is moderately damaged.
The gargoyle closely misses you.
You hit the gargoyle.
The gargoyle is moderately damaged.
Your transformation is almost over.
You hit the gargoyle but do no damage.
The gargoyle is moderately damaged.
The gargoyle completely misses you.
You hit the gargoyle but do no damage.
The gargoyle is moderately damaged.
The gargoyle completely misses you.
You barely miss the gargoyle.
The gargoyle is moderately damaged.
The gargoyle hits you with a mace!
Ouch! That really hurt!
You die...

▓+▓
▓J▓
▓o▓
▓h▓
▓a▓
▓S▓
▓9▓
▓s▓
▓.▓
▓.▓
▓[▓
▓.▓
▓[▓
▓)▓
▓.▓
▓.▓


You could see a gargoyle, a hound, a jelly, a worker ant, an adder and an orc.

Vanquished Creatures
  A hound (D)
  2 adders (D)
  A bat zombie (D)
  A hobgoblin (D)
  A jackal (D)
  A quokka (D)
  A bat (D)
  A frilled lizard (D)
  A kobold (D)
10 creatures vanquished.

Notes
Turn   | Place    | Note
-------+----------+-------------------------------------------
     0 | D        | emperorscorpion the Draconian Transmuter began the quest for the Orb.
     0 | D        | Reached XP level 1. HP: 16/16 MP: 3/3
    27 | D        | Noticed a hound
    38 | D        | Killed a hound
    38 | D        | Reached skill level 5 in Unarmed Combat
    38 | D        | Reached XP level 2. HP: 5/23 MP: 3/6
    38 | D        | Reached XP level 3. HP: 6/28 MP: 3/7
    44 | D        | Reached skill level 6 in Unarmed Combat
    56 | D        | Found a roughly hewn altar of Beogh.
    56 | D        | Found a snail-covered altar of Cheibriados.
    56 | D        | Found a shadowy altar of Dithmenos.
    56 | D        | Found a white marble altar of Elyvilon.
    56 | D        | Found a blossoming altar of Fedhas.
    56 | D        | Found an opulent altar of Gozag.
    57 | D        | Found a hazy altar of Hepliaklqana.
    58 | D        | Found a viscous altar of Jiyva.
    59 | D        | Found an ancient bone altar of Kikubaaqudgha.
    60 | D        | Found a corrupted altar of Lugonu.
    61 | D        | Found a burning altar of Makhleb.
    62 | D        | Found a sparkling altar of Nemelex Xobeh.
    63 | D        | Found an iron altar of Okawaru.
    64 | D        | Found a stormy altar of Qazlal.
    65 | D        | Found a sacrificial altar of Ru.
    66 | D        | Found a deep blue altar of Sif Muna.
    67 | D        | Found a bloodstained altar of Trog.
    68 | D        | Found a hide-covered altar of Uskayaw.
    69 | D        | Found a radiant altar of Vehumet.
    70 | D        | Found an ornate altar of the Wu Jian Council.
    71 | D        | Found a shimmering altar of Xom.
    72 | D        | Found a basalt altar of Yredelemnul.
    73 | D        | Found a glowing silver altar of Zin.
    74 | D        | Became a worshipper of Sif Muna the Loreminder
    75 | D        | Found a glowing golden altar of the Shining One.
   287 | D        | Learned a level 2 spell: Sticks to Snakes
   291 | D        | Learned a level 3 spell: Spider Form
   292 | D        | Noticed a gargoyle
   302 | D        | Slain by a gargoyle

Vault maps used:
D:        linesprint

Skill      XL: |  1  2  3 |
---------------+----------+-----
Dodging        | 2 3 |  3.2
Unarmed Combat | 5 6 |  6.0
Spellcasting   | 3 |  3.4
Transmutations | 3 |  3.0
Fighting       | |  1.5

Action                   || total
-------------------------++-------
Melee: Unarmed           ||    40
       Tailslap          ||     5
       Kick              ||     3
 Cast: Beastly Appendage ||     2
       Spider Form       ||     1
  Use: Potion            ||     1
Armor: Skin              ||     6
Dodge: Dodged            ||    22

Table legend:
 A = Spawn XP
 B = Non-spawn XP
 C = Spawn XP percentage of total XP
 D = Spawn monster count
 E = Non-spawn monster count
 F = Spawn count percentage of total count
 G = Total turns spent on level
                    A         B        C        D         E        F      G
               +---------+---------+-------+---------+---------+-------+---------
         Total |       0 |      82 |   0.0 |       0 |      10 |   0.0 |   302
               +---------+---------+-------+---------+---------+-------+---------
             D |       0 |      82 |   0.0 |       0 |      10 |   0.0 |   302
               +---------+---------+-------+---------+---------+-------+---------
